 Dungeon Crawl Stone Soup version 0.22.1-1-ga44c0e5 (webtiles) character file.

267 Harpaggios the Cutter (level 6, -8/28 HPs)
             Began as a Vine Stalker Enchanter on Oct 20, 2018.
             Was a Follower of Nemelex Xobeh.
             Mangled by an iguana (10 damage)
             ... on level 4 of the Dungeon.
             The game lasted 00:20:05 (3612 turns).

Harpaggios the Cutter (Vine Stalker Enchanter)      Turns: 3612, Time: 00:20:06

Health: -8/28      AC:  3    Str: 11    XL:     6   Next: 21%
Magic:  0/13       EV: 12    Int: 15    God:    Nemelex Xobeh [*.....]
Gold:   97         SH:  0    Dex: 16    Spells: 6/13 levels left

rFire    . . .     SeeInvis .   a - +2 dagger
rCold    . . .     Gourm    .   (no shield)
rNeg     . . .     Faith    .   b - +1 robe
rPois    .         Spirit   +   (no helmet)
rElec    .         Reflect  .   (no cloak)
rCorr    .         Harm     .   (no gloves)
MR       .....                  (no boots)
Stlth    +++.......             h - amulet of regeneration
HPRegen  0.89/turn              (no ring)
MPRegen  0.13/turn              (no ring)

@: no status effects
A: fangs 2, regeneration 1, magic shield, antimagic bite, no potion heal 3, rot
immunity
a: Renounce Religion


You were on level 4 of the Dungeon.
You worshipped Nemelex Xobeh.
Nemelex Xobeh was aware of your devotion.
You were very hungry.

You visited 1 branch of the dungeon, and saw 4 of its levels.

You collected 97 gold pieces.

Inventory:

Hand Weapons
 a - a +2 dagger (weapon)
Armour
 b - a +1 robe (worn)
Jewellery
 h - an amulet of regeneration (around neck)
Scrolls
 c - a scroll of identify
Miscellaneous
 e - an ornate deck of summoning
Comestibles
 d - 8 rations
 f - a chunk of flesh


   Skills:
 * Level 4.4 Short Blades
 - Level 1.5 Dodging
 - Level 3.6 Stealth
 - Level 4.0 Spellcasting
 + Level 3.1 Hexes


You had 6 spell levels left.
You knew the following spells:

 Your Spells              Type           Power        Failure   Level  Hunger
a - Corona                Hex            ##.....      4%          1    None
b - Confuse               Hex            ##......     16%         3    ###....
c - Tukima's Dance        Hex            ##......     16%         3    ###....

Your spell library contained the following spells:

 Spells                   Type           Power        Failure   Level  Hunger
 Ensorcelled Hibernation  Hex/Ice        #.....       14%         2    ##.....
 Dazzling Spray           Conj/Hex       #.....       28%         3    ###....


Dungeon Overview and Level Annotations

Branches:
Dungeon (4/15)
 Temple: D:4-7

Altars:
Hepliaklqana
Makhleb
Nemelex Xobeh
Okawaru
Sif Muna
Yredelemnul

Annotations:
D:3 2 transporters


Innate Abilities, Weirdness & Mutations

You have extremely sharp teeth.
Your natural rate of healing is unusually fast.
When hurt, damage is shared between your health and your magic reserves.
Your bite disrupts and absorbs the magic of your enemies.
Potions cannot restore your health.
You are immune to rotting.


Message History

The iguana is severely wounded.
The iguana barely misses you.
You hit the iguana but do no damage.
The iguana is severely wounded.
The iguana misses you.
You hit the iguana but do no damage. Your bite misses the iguana.
The iguana is severely wounded.
The iguana stops glowing.
The iguana misses you.
You barely miss the iguana. You bite the iguana, but do no damage.
The iguana is severely wounded.
You hit the iguana. Your bite misses the iguana.
The iguana is almost dead.
The iguana bites you.
You hit the iguana but do no damage. You bite the iguana, but do no damage.
The iguana is almost dead.
The iguana bites you!
* * * LOW HITPOINT WARNING * * *
The iguana bites you!
You die...
Your body disappears without a glow.

................#
..............###
..............#
#............##
## ##...........#
#.#
##.........###.#
#........###.#
...........l<.#
##..........@##
########....#
##....# #..##..
#.## ### #.# #.#
#.


You could see an iguana.

Vanquished Creatures
  A hound (D:3)
  Terence (D:3)
  A worker ant (D:4)
  7 adders
  A gnoll (D:1)
  An adder skeleton (D:4)
  2 worms (D:3)
  5 dart slugs
  6 leopard geckos
  2 orcs
  8 bats
  5 giant cockroaches
  7 goblins
  12 hobgoblins
  4 jackals (D:2)
  2 quokkas
  2 ball pythons
  5 frilled lizards
  A jackal skeleton (D:4)
  7 kobolds
  6 rats
86 creatures vanquished.

Notes
Turn   | Place    | Note
-------+----------+-------------------------------------------
     0 | D:1      | Harpaggios the Vine Stalker Enchanter began the quest for
                  | the Orb.
     0 | D:1      | Reached XP level 1. HP: 9/9 MP: 4/4
   129 | D:1      | Reached skill level 1 in Short Blades
   360 | D:1      | Reached XP level 2. HP: 13/13 MP: 4/6
   542 | D:1      | Reached XP level 3. HP: 7/16 MP: 2/8
   942 | D:1      | Found a sparkling altar of Nemelex Xobeh.
   954 | D:1      | Became a worshipper of Nemelex Xobeh the Trickster
  1135 | D:1      | Received a gift from Nemelex Xobeh
  1432 | D:2      | Found a basalt altar of Yredelemnul.
  1433 | D:2      | Found an iron altar of Okawaru.
  1500 | D:2      | Found a deep blue altar of Sif Muna.
  1558 | D:3      | Found a burning altar of Makhleb.
  1601 | D:3      | Found a transporter.
  2006 | D:3      | Gained mutation: Your natural rate of healing is unusually
                  | fast. [Vine Stalker growth]
  2006 | D:3      | Reached XP level 4. HP: 4/21 MP: 4/9
  2491 | D:2      | Reached XP level 5. HP: 24/24 MP: 11/11
  3003 | D:3      | Found a hazy altar of Hepliaklqana.
  3138 | D:3      | Reached * piety under Nemelex Xobeh
  3138 | D:3      | Found a transporter.
  3170 | D:3      | Noticed Terence
  3185 | D:3      | Killed Terence
  3185 | D:3      | Reached XP level 6. HP: 28/28 MP: 10/12
  3191 | D:3      | Learned a level 3 spell: Confuse
  3195 | D:3      | Learned a level 3 spell: Tukima's Dance
  3611 | D:4      | HP: 1/28 [iguana (10)]
  3612 | D:4      | Mangled by an iguana

Skill      XL: |  1  2  3  4  5  6 |
---------------+-------------------+-----
Short Blades   | 1 2 3 4 |  4.4
Spellcasting   | 3 4 |  4.0
Dodging        | |  1.5
Stealth        | |  3.6
Hexes          | |  3.1

Action                   |  1- 3 |  4- 6 || total
-------------------------+-------+-------++-------
Melee: Dagger            |   124 |   264 ||   388
       Bite              |    33 |    56 ||    89
 Cast: Corona            |    27 |    55 ||    82
  Use: Scroll            |     3 |     5 ||     8
       Potion            |     1 |     1 ||     2
 Stab: Sleeping          |     1 |       ||     1
  Eat: Chunk             |     3 |     5 ||     8
Armor: Robe              |    14 |    32 ||    46
Dodge: Dodged            |    66 |   148 ||   214
